 Dungeon Crawl Stone Soup version 0.18-a0-1797-gc18daef (webtiles) character file.

71654 Duffy the Severer (level 14, -15/103 HPs)
             Began as a Mummy Fighter on Apr 22, 2016.
             Was the Champion of Cheibriados.
             Demolished by a death yak (17 damage)
             ... on level 7 of the Lair of Beasts.
             The game lasted 00:38:12 (24251 turns).

Duffy the Severer (Mummy Fighter)                  Turns: 24251, Time: 00:38:13

Health: -15/103    AC: 23    Str: 38    XL:     14   Next: 98%
Magic:  16/20      EV: 12    Int: 22    God:    Cheibriados [******]
Gold:   849        SH:  0    Dex: 31    Spells: 1 memorised, 9 levels left

rFire  + . .     SeeInvis .     M - +6 executioner's axe "Togiw" {flame, rElec rF+ Dex+3}
rCold  + . .     Gourm    .     F - +0 plate armour
rNeg   + + +     Faith    .     (shield currently unavailable)
rPois  ∞         Spirit   .     s - +0 helmet
rElec  +         Dismiss  .     (no cloak)
rCorr  .         Reflect  .     n - +2 pair of gloves
SustAt .         Harm     .     l - +2 pair of boots
MR     ++...                    J - amulet of the Shining Light {RegenMP Slay+5 Stlth-}
Stlth  ..........               j - ring of protection from magic
                                i - ring of protection from fire

@: very slow, very resistant to hostile enchantments, extremely unstealthy
A: no food or potions, fire vulnerability, cold resistance 1, negative energy
resistance 3, torment resistance, unbreathing, in touch with death 1, restore
body
a: Self-Restoration, Bend Time, Temporal Distortion, Slouch, Step From Time,
Renounce Religion


You were on level 7 of the Lair of Beasts.
You worshipped Cheibriados.
Cheibriados was exalted by your worship.
You were not hungry.

You visited 3 branches of the dungeon, and saw 19 of its levels.
You also visited: Ossuary and Ice Cave.

You collected 1223 gold pieces.
You spent 374 gold pieces at shops.


Innate Abilities, Weirdness & Mutations

You do not eat or drink.
Your flesh is vulnerable to fire.
You are immune to poison.
Your flesh is cold resistant.
You are immune to negative energy.
You are immune to unholy pain and torment.
You can survive without breathing.
You are in touch with the powers of death.
You can restore your body by infusing magical energy.


   Skills:
 - Level 7.0 Fighting
 + Level 15.4 Axes
 + Level 11.7 Armour
 - Level 3.0 Dodging
   Level 2.4 Shields
 - Level 9.0 Invocations
 - Level 5.0 Evocations


You had 9 spell levels left.
You knew the following spells:

 Your Spells              Type           Power        Failure   Level  Hunger
a - Passage of Golubria   Tloc           N/A          100%        4    N/A

Inventory:

Hand Weapons
 c - a +0 blowgun
 M - the +6 executioner's axe "Togiw" (weapon) {flame, rElec rF+ Dex+3}

   It has been specially enchanted to burn those struck by it, causing extra
   injury to most foes and up to half again as much damage against particularly
   susceptible opponents.
   Big, fiery blades are also staple armaments of hydra-hunters.
   It affects your dexterity (+3).
   It protects you from fire.
   It insulates you from electricity.
Missiles
 e - 6 javelins of penetration (quivered)
 p - 17 curare-tipped needles
 v - 25 poisoned needles
Armour
 f - a +0 pair of boots of flying
 l - a +2 pair of boots (worn)
 n - a +2 pair of gloves (worn)
 s - a +0 helmet (worn)
 A - a +2 chain mail of cold resistance
 F - a +0 plate armour (worn)
Rods
 N - a +1 lightning rod (12/12)
Jewellery
 d - an uncursed ring of sustain attributes
 i - a ring of protection from fire (left hand)
 j - a ring of protection from magic (right hand)
 q - an uncursed ring of see invisible
 y - an uncursed ring of protection from cold
 E - the amulet of Cekugob {Dismiss -Tele rElec rPois rN++ AC+1 EV+1}

   [amulet of dismissal]

   It may teleport away creatures that harm you.
   It affects your AC (+1).
   It affects your evasion (+1).
   It insulates you from electricity.
   It protects you from poison.
   It greatly protects you from negative energy.
   It prevents most forms of teleportation.
 J - the amulet of the Shining Light (around neck) {RegenMP Slay+5 Stlth-}

   [amulet of magic regeneration]

   It increases your magic regeneration.
   It affects your accuracy and damage with ranged weapons and melee attacks
   (+5).
   It makes you less stealthy.
Wands
 b - a wand of acid (9/15)
 k - a wand of disintegration (10/24)
 r - a wand of flame (38/48)
 u - a wand of paralysis (10/24)
 w - a wand of digging (3/24)
 z - a wand of polymorph (15/24)
 B - a wand of confusion (22/48)
 C - a wand of digging (10/24)
 D - a wand of lightning (5/15)
 L - a wand of paralysis (9/24)
Scrolls
 a - a scroll of immolation {unknown}
 g - 3 scrolls of fog
 h - 5 scrolls of teleportation
 m - 4 scrolls of fear
 o - 5 scrolls of blinking
 t - 7 scrolls of remove curse
 x - 2 scrolls of silence
 I - 3 scrolls of enchant armour
 O - a scroll of torment
 P - a scroll of recharging {unknown}
Miscellaneous
 H - a sack of spiders

Dungeon Overview and Level Annotations

Branches:
Dungeon (11/15)            Temple (1/1) D:7            Lair (7/8) D:11
 Shoals (0/4) Lair:6        Snake (0/4) Lair:4
  Slime: Lair:6-8       Orc: D:9-12

Altars:
Ashenzari
Cheibriados
Dithmenos
Elyvilon
Fedhas
Gozag
Kikubaaqudgha
Makhleb
Nemelex Xobeh
Okawaru
Pakellas
Qazlal
Ru
Sif Muna
Trog
Vehumet
Xom
Yredelemnul
Zin
The Shining One

Shops:
D:4 %   D:5 *   D:9 **%?}


Message History

You kill the death yak!
Cheibriados thoroughly appreciates the change of pace.
You barely miss the death yak.
The death yak is heavily wounded.
You slice the death yak!! You burn the death yak!
The death yak is almost dead.
You hit the death yak but do no damage.
The death yak is lightly wounded.
The death yak gores you. The death yak gores you!
The death yak barely misses you. The death yak closely misses you.
The death yak gores you but does no damage.
You can feel time thicken for a moment.
You kill the death yak!
Cheibriados appreciates the change of pace.
The death yak gores you but does no damage.
The death yak misses you.
You barely miss the death yak.
The death yak is severely wounded.
You slash the death yak! You burn the death yak!
The death yak is severely wounded.
The death yak gores you!
The death yak gores you but does no damage.
You slash the death yak! You burn the death yak.
The death yak is almost dead.
You barely miss the death yak.
The death yak is severely wounded.
The death yak barely misses you.
The death yak gores you but does no damage.
The death yak gores you!
You barely miss the death yak.
The death yak is severely wounded.
You hit the death yak. You burn the death yak.
The death yak is almost dead.
The death yak gores you!
You die...

.............,,,,,,,,,,**,,****#.
........................*,,,,,*#.
..........P..............,,,,,,#P
...........P.............,,,,,...
.#.....................#,,,,,,...
###...................#,*,,,,,...
##.#................P##***,,,,,..
#####..........%%Y...P#.#,,,,,,,*
#..#.......<...Y@%......#,,,,,,,*
......P.........#........,,,,,,,,
.......P.........#....<..,,,,,,**
....%...P.....######.....,,,,,*,*
#......P##...## **....,,,,,***
###.##..##....## *,...,,,,,*
#..#######....# ***..,,**** *#.##
##..## *,,.,** *.#* ##.# ***,,*


You could see 2 death yaks.

Action                   |  1- 3 |  4- 6 |  7- 9 | 10-12 | 13-15 || total
-------------------------+-------+-------+-------+-------+-------++-------
Melee: War axe           |   134 |   256 |   406 |   755 |   233 ||  1784
       Scimitar          |       |       |       |    11 |     7 ||    18
       Executioner's axe |       |       |       |       |   394 ||   394
Throw: Tomahawk          |       |       |     4 |    16 |       ||    20
Invok: Temporal Distorti |       |       |       |     2 |       ||     2
       Slouch            |       |       |       |     1 |     4 ||     5
  Use: Scroll            |       |       |    16 |     6 |     7 ||    29
Armor: Scale mail        |    69 |   138 |   142 |       |       ||   349
       Chain mail        |       |       |    54 |   323 |   425 ||   802
       Plate armour      |       |       |       |     1 |    36 ||    37
Dodge: Dodged            |    46 |    66 |    98 |   299 |   512 ||  1021
Block: Shield            |    69 |   139 |   235 |   531 |   155 ||  1129

Notes
Turn   | Place    | Note
--------------------------------------------------------------
     0 | D:1      | Duffy the Mummy Fighter began the quest for the Orb.
     0 | D:1      | Reached XP level 1. HP: 18/18 MP: 1/1
   116 | D:1      | Reached skill level 2 in Axes
   311 | D:1      | Reached XP level 2. HP: 24/24 MP: 2/2
   965 | D:2      | Reached XP level 3. HP: 29/29 MP: 3/3
  1023 | D:2      | Reached skill level 3 in Axes
  1208 | D:2      | Found a burning altar of Makhleb.
  1208 | D:2      | Found a radiant altar of Vehumet.
  1414 | D:2      | Reached XP level 4. HP: 35/35 MP: 4/4
  1851 | D:3      | Found an oddly glowing altar of Pakellas.
  1852 | D:3      | Found a shimmering altar of Xom.
  1909 | D:3      | Found a snail-covered altar of Cheibriados.
  1921 | D:3      | Noticed Terence
  1924 | D:3      | Became a worshipper of Cheibriados the Contemplative
  1963 | D:3      | Killed Terence
  1963 | D:3      | Reached skill level 4 in Axes
  2044 | D:3      | Noticed Robin
  2247 | D:4      | Found Haarin's Food Boutique.
  2296 | D:4      | Reached XP level 5. HP: 41/41 MP: 5/5
  2382 | D:4      | Reached * piety under Cheibriados
  2485 | D:4      | Found a sand-covered staircase.
  2490 | Ossuary  | Entered an ossuary
  2540 | Ossuary  | Reached skill level 5 in Axes
  2931 | Ossuary  | Reached XP level 6. HP: 37/47 MP: 6/6
  3045 | Ossuary  | Reached ** piety under Cheibriados
  3178 | Ossuary  | Reached skill level 6 in Axes
  3899 | D:4      | Reached XP level 7. HP: 48/52 MP: 7/7
  4077 | D:3      | Killed Robin
  4099 | D:3      | Found an opulent altar of Gozag.
  4137 | D:3      | Noticed Sigmund
  4147 | D:3      | Killed Sigmund
  4147 | D:3      | Reached skill level 7 in Axes
  4248 | D:3      | Reached *** piety under Cheibriados
  4909 | D:5      | Entered Level 5 of the Dungeon
  5727 | D:5      | Found Ebeuvid's Assorted Antiques.
  5735 | D:5      | Bought a scroll labeled NAPTOM ZISHO for 19 gold pieces
  5735 | D:5      | Bought a scroll of identify for 38 gold pieces
  5735 | D:5      | Bought a scroll of identify for 38 gold pieces
  5735 | D:5      | Bought a runed war axe for 66 gold pieces
  5835 | D:5      | Reached XP level 8. HP: 55/58 MP: 8/8
  5934 | D:5      | Reached skill level 8 in Axes
  6265 | D:5      | Reached **** piety under Cheibriados
  6553 | D:6      | Noticed Menkaure
  6568 | D:6      | Killed Menkaure
  6568 | D:6      | Reached skill level 1 in Invocations
  7082 | D:6      | Reached skill level 2 in Invocations
  7106 | D:6      | Reached skill level 9 in Axes
  7353 | D:7      | Found a stormy altar of Qazlal.
  7354 | D:7      | Noticed yogakurto's ghost (novice DDWn)
  7359 | D:7      | Noticed an air elemental
  7359 | D:7      | Noticed Dowan
  7362 | D:7      | Found a staircase to the Ecumenical Temple.
  7365 | Temple   | Entered the Ecumenical Temple
  7840 | D:7      | Killed yogakurto's ghost
  7840 | D:7      | Reached skill level 3 in Invocations
  7840 | D:7      | Reached XP level 9. HP: 50/64 MP: 9/11
  7971 | D:7      | Reached skill level 4 in Invocations
  8063 | D:7      | Killed Dowan
  8074 | D:7      | Found a stormy altar of Qazlal.
  8075 | D:7      | Noticed Duvessa
  8086 | D:7      | Killed Duvessa
  8086 | D:7      | Reached ***** piety under Cheibriados
  8088 | D:7      | Reached skill level 5 in Invocations
  8470 | D:7      | Reached skill level 10 in Axes
  9169 | D:8      | Reached skill level 6 in Invocations
  9235 | D:8      | Reached skill level 4 in Fighting
  9311 | D:8      | You fall through a shaft for 2 floors!
  9311 | D:10     | Entered Level 10 of the Dungeon
  9337 | D:9      | Found Puriuwi's General Store.
  9569 | D:8      | Reached XP level 10. HP: 71/71 MP: 14/14
  9576 | D:8      | Reached skill level 3 in Armour
  9916 | D:9      | Found Wifeh's Gadget Boutique.
  9928 | D:9      | Reached skill level 7 in Invocations
 10078 | D:9      | Found Yzxiet's Magic Scroll Boutique.
 10084 | D:9      | Bought a scroll of teleportation for 48 gold pieces
 10089 | D:9      | Bought a scroll of fear for 56 gold pieces
 10170 | D:8      | Reached skill level 4 in Armour
 10259 | D:5      | Bought a scroll of teleportation for 57 gold pieces
 10362 | D:9      | Found a shadowy altar of Dithmenos.
 10373 | D:9      | Found a shattered altar of Ashenzari.
 10527 | D:9      | Reached ****** piety under Cheibriados
 10552 | D:9      | Found Vader's Food Boutique.
 10565 | D:9      | Reached skill level 1 in Dodging
 10574 | D:9      | Noticed Erica
 10577 | D:9      | Found Jeuhasi's General Store.
 10596 | D:9      | Bought a scroll of identify for 26 gold pieces
 10596 | D:9      | Bought a scroll of identify for 26 gold pieces
 10902 | D:9      | Killed Erica
 10902 | D:9      | Reached skill level 2 in Dodging
 10902 | D:9      | Reached skill level 8 in Invocations
 10984 | D:10     | Reached skill level 3 in Dodging
 11241 | D:10     | Noticed a hill giant
 11248 | D:10     | Noticed a hill giant
 11435 | D:10     | Killed a hill giant
 11435 | D:10     | Reached skill level 5 in Fighting
 11438 | D:10     | Reached XP level 11. HP: 57/80 MP: 17/17
 11704 | D:10     | Reached skill level 9 in Invocations
 11776 | D:10     | Killed a hill giant
 11781 | D:10     | Noticed an unseen horror
 11786 | D:10     | Killed an unseen horror
 11786 | D:10     | Reached skill level 6 in Fighting
 12094 | D:10     | Noticed a hill giant
 12097 | D:10     | Noticed a seven-headed hydra
 12101 | D:10     | Killed a hill giant
 12228 | D:10     | Killed a three-headed hydra
 12439 | D:10     | Reached skill level 7 in Fighting
 12670 | D:11     | Noticed a hill giant
 12682 | D:11     | Killed a hill giant
 12769 | D:11     | Reached skill level 11 in Axes
 12887 | D:11     | Reached skill level 5 in Armour
 12906 | D:11     | Noticed Sonja
 12907 | D:11     | Killed Sonja
 12943 | D:11     | Found a staircase to the Lair.
 13205 | D:11     | Noticed a white ugly thing
 13239 | D:11     | Killed a white ugly thing
 13409 | D:11     | Noticed a centaur warrior
 13426 | D:11     | Reached skill level 6 in Armour
 13443 | D:11     | Killed a centaur warrior
 13883 | Lair:1   | Entered Level 1 of the Lair of Beasts
 13910 | Lair:1   | Reached XP level 12. HP: 73/91 MP: 18/18
 13911 | Lair:1   | Reached skill level 1 in Evocations
 14136 | Lair:1   | Reached skill level 2 in Evocations
 14803 | Lair:2   | Reached skill level 12 in Axes
 14803 | Lair:2   | Reached skill level 3 in Evocations
 15189 | Lair:2   | Reached skill level 4 in Evocations
 15678 | Lair:2   | Reached skill level 5 in Evocations
 16463 | Lair:3   | Noticed an eight-headed hydra
 16476 | Lair:3   | Killed a three-headed hydra
 16563 | Lair:3   | Noticed Snorg
 16577 | Lair:3   | Killed Snorg
 16577 | Lair:3   | Reached skill level 7 in Armour
 16829 | Lair:3   | Gained mutation: You are in touch with the powers of death. [Mummy growth]
 16829 | Lair:3   | Gained mutation: You can restore your body by infusing magical energy. [Mummy growth]
 16829 | Lair:3   | Reached XP level 13. HP: 88/96 MP: 19/19
 17167 | Lair:3   | Reached skill level 13 in Axes
 17467 | Lair:4   | Found a staircase to the Snake Pit.
 17630 | Lair:4   | Reached skill level 8 in Armour
 17844 | Lair:4   | Noticed Urug
 17952 | Lair:4   | Killed Urug
 19216 | Lair:5   | Got a bloodstained longbow
 19220 | Lair:5   | Got a jewelled executioner's axe
 19226 | Lair:5   | Identified the +6 executioner's axe "Togiw" {flame, rElec rF+ Dex+3} (You acquired it on level 5 of the Lair of Beasts)
 19327 | Lair:5   | Reached skill level 9 in Armour
 19725 | Lair:5   | Got a jewelled chain mail
 19755 | Lair:5   | Identified the cursed +0 chain mail of the Heavens {+Blink} (You found it on level 5 of the Lair of Beasts)
 20101 | Lair:5   | Reached skill level 14 in Axes
 20296 | Lair:6   | Noticed Rupert
 20310 | Lair:6   | Killed Rupert
 20714 | Lair:6   | Reached XP level 14. HP: 87/103 MP: 20/20
 20724 | Lair:6   | Reached skill level 10 in Armour
 21170 | Lair:6   | Learned a level 4 spell: Passage of Golubria
 21744 | Lair:6   | Found a staircase to the Shoals.
 22390 | Lair:7   | Found a frozen archway.
 22408 | IceCv    | Entered an ice cave
 22928 | IceCv    | Reached skill level 11 in Armour
 22986 | IceCv    | Identified Hooru's Collected Works on Transmutation and the Blaze (You found it in an ice cave)
 23202 | IceCv    | Reached skill level 15 in Axes
 23569 | IceCv    | Noticed a frost giant
 23577 | IceCv    | Killed a frost giant
 23774 | IceCv    | Got a pitted graven amulet
 23776 | IceCv    | Identified the amulet of the Shining Light {RegenMP Slay+5 Stlth-} (You found it in an ice cave)
 24251 | Lair:7   | Demolished by a death yak

Vault maps used:
D:1:      arrival_zaba_pyramid, minmay_misc_feat_x, glass_columns_b
D:2:      gammafunk_temple_overflow_statue
D:3:      grunt_temple_overflow_open, grunt_gozag_statues, first_bread,
          cheibriados_altar_1, uniq_robin, uniq_terence, uniq_sigmund
D:4:      enter_ossuary_5, serial_shops, shop_fountains, minivault_26
D:5:      serial_shops, shop
D:6:      uniq_menkaure
D:7:      kennysheep_little_box, minmay_temple_entry_fiery,
          nicolae_qazlal_style_of_elements, uniq_duvessa
D:8:      the_bakery
D:9:      amethyst_overflow_temple_binary, serial_shops, shop,
          nicolae_shop_scaring_up_business, shop_fountains, shop_fountains,
          shop, uniq_erica
D:10:     grunt_ministairs_12
D:11:     due_lair_maze_entry_diamond, uniq_sonja
Temple:   oiseaux_autumnal_temple_12
Lair:1:   grunt_megastairs_4
Lair:2:   special_room, st_stairs_7, minmay_stone_trees_small
Lair:3:   serial_bayou_pond_b, uniq_snorg
Lair:4:   minmay_snake_entry_six_corridors, cheibrodos_lair_caveside_slide,
          lemuel_another_geyser, lemuel_fruit_tree, uniq_urug
Lair:5:   minmay_lair_venomous_thicket
Lair:6:   mu_elephants_graveyard, elwin_shoals_entry_rooms, uniq_rupert
Lair:7:   portal_ice_cave_entry_dragon, serial_bayou_ford_a
Ossuary:  ossuary_tomb_1
IceCv:    ice_cave_caverns_02

Vanquished Creatures
  Rupert
  A frost giant Snorg
  5 hydras
  An ice dragon Erica
  A centaur warrior
  8 death yaks Urug Sonja
  An unseen horror
  4 hill giants
  The ghost of yogakurto the Ducker, a novice DDWn of Elyvilon
  3 griffons
  An ugly thing
  A siren
  18 elephants
  An ice statue
  14 black mambas
  2 torpor snails
  6 rime drakes
  10 komodo dragons
  14 spiny frogs
  A merfolk
  18 polar bears
  A queen bee
  2 trolls
  A two-headed ogre
  18 blink frogs Sigmund
  50 yaks
  A spriggan
  2 hungry ghosts
  9 hippogriffs Menkaure Duvessa
  11 water moccasins
  13 porcupines
  An orc warrior
  3 sky beasts
  An ice beast
  A black bear
  A phantom
  2 eyes of draining
  2 wasps
  A necrophage
  26 wolves
  11 centaurs
  9 ogres
  15 crocodiles
  20 giant frogs
  A big kobold
  2 elf zombies
  3 scorpions Dowan
  4 wights
  35 killer bees
  3 howler monkeys
  2 centaur zombies
  7 crimson imps
  2 jellies
  A human zombie
  A quasit
  4 giant frog zombies
  2 hounds
  8 orc priests
  9 iguanas Terence
  14 orc wizards
  11 worker ants
  21 sheep
  A big kobold zombie
  A hound skeleton Robin
  2 mummies
  A worker ant zombie
  13 gnolls
  A howler monkey skeleton
  22 adders
  58 river rats
  3 shadow imps
  2 oozes
  2 adder zombies
  2 adder skeletons
  4 worms
  5 giant geckos
  33 orcs
  12 bats
  9 giant cockroaches
  19 goblins
  13 hobgoblins
  15 jackals
  2 quokkas
  A giant gecko skeleton
  A giant gecko zombie
  3 giant newts
  A goblin zombie
  12 hobgoblin zombies
  2 jackal zombies
  10 kobolds
  7 kobold zombies
  7 orc zombies
  A quokka zombie
  12 rats
  A rat zombie
  6 bushes
  83 fungi
  58 plants
878 creatures vanquished.
